 Dungeon Crawl Stone Soup version 0.28-a0-628-g3c9886e45e (webtiles) character file.

Game seed: 11108780278484437986

98 demibob the Poker (level 4, -4/35 HPs)
             Began as a Demonspawn Abyssal Knight on Oct 9, 2021.
             Was a Believer of Lugonu.
             Slain by a gnoll (5 damage)
             ... on level 2 of the Dungeon.
             The game lasted 00:05:30 (2581 turns).

demibob the Poker (Demonspawn Abyssal Knight)       Turns: 2581, Time: 00:05:31

Health: -4/35      AC:  3    Str: 14    XL:     4   Next: 43%
Magic:  5/5        EV: 11    Int: 11    God:    Lugonu [**....]
Gold:   42         SH:  0    Dex: 14    Spells: 3/3 levels left

rFire   . . .      SeeInvis .   a - +1 spear
rCold   . . .      Faith    .   (no shield)
rNeg    . . .      Spirit   .   b - +0 leather armour
rPois   .          Reflect  .   (helmet restricted)
rElec   .          Harm     .   (no cloak)
rCorr   .          Rampage  .   (no gloves)
Will    .....                   (no boots)
Stlth   +.........              (no amulet)
HPRegen 0.11/turn               (no ring)
MPRegen 0.09/turn               (no ring)

@: hasted, very quick
A: horns 1, foul stench 1, [low mp 1]
a: Renounce Religion, Depart the Abyss, Bend Space


You were on level 2 of the Dungeon.
You worshipped Lugonu.
Lugonu was pleased with you.
You visited 1 branch of the dungeon, and saw 2 of its levels.
You visited the Abyss 1 time.

You collected 42 gold pieces.


Innate Abilities, Weirdness & Mutations

You have a pair of small horns on your head.
You may rarely emit foul miasma when damaged in melee.
[Your magical capacity is low. (-10% MP)]


   Skills:
 - Level 3.0 Fighting
 + Level 4.3 Polearms
 - Level 1.7 Armour
 - Level 0.8 Dodging
 - Level 2.4 Invocations


You had 3 spell levels left.
You didn't know any spells.
Your spell library contained the following spells:

 Spells                   Type           Power      Damage    Failure   Level
 Summon Forest            Summ/Tloc      0%         N/A       100%        5
 Eringya's Noxious Bog    Tmut/Pois      0%         N/A       100%        6
 Summon Hydra             Summ           0%         N/A       100%        7

Inventory:

Hand Weapons
 a - a +1 spear (weapon)
Armour
 b - a +0 leather armour (worn)
Potions
 c - a potion of flight
 g - a potion of attraction {unknown}
 h - a potion of cancellation {unknown}

Dungeon Overview and Level Annotations

Branches:
Dungeon (2/15)

Altars:

#.............#.######.#
#........####.#.######.#
#........####.#.##...#+#
#.............#.##......
#.......................
#..................##...
#.......lg.........###+#
#......SS.#'#......# #
#######@#.#K#.#.#### .
#.l...#.#g# .
#...###+#!### .
#####...##...<..#
#...#...##......#
#...#...##......#
#.......##......#
#.......##......#
#.......##......#


You could see a gnoll, 2 ball pythons and 2 frilled lizards.


Message History

The gnoll hits you from afar with a +0 spear.
* * * LOW HITPOINT WARNING * * *
The frilled lizard bites you.
* * * LOW HITPOINT WARNING * * *
There is an open door here.
You hit the rat but do no damage.
The gnoll hits you from afar with a +0 spear.
* * * LOW HITPOINT WARNING * * *
The frilled lizard bites you but does no damage.
The rat closely misses you. The rat bites you.
* * * LOW HITPOINT WARNING * * *
The ball python bites you.
* * * LOW HITPOINT WARNING * * *
The ball python barely misses you. The ball python closely misses you. x2
The rat bites you but does no damage. The frilled lizard barely misses you.
There is a stone staircase leading up here.
It was a potion of haste.
You feel yourself speed up.
The ball python bites you but does no damage.
The ball python closely misses you. The ball python bites you.
* * * LOW HITPOINT WARNING * * *
You emit a cloud of foul miasma!
The ball python barely misses you. The frilled lizard closely misses you.
The ball python bites you but does no damage.
The ball python grabs you. The ball python constricts you.
* * * LOW HITPOINT WARNING * * *
You escape the ball python's grasp.
The gnoll hits you from afar with a +0 spear.
You die...

Skill      XL: |  1  2  3 |
---------------+----------+-----
Polearms       | 2 3 4 |  4.3
Fighting       | |  3.0
Armour         | |  1.7
Dodging        | |  0.8
Invocations    | |  2.4

Action                   |  1- 3 |  4- 6 || total
-------------------------+-------+-------++-------
Melee: Spear             |   143 |    21 ||   164
       Headbutt          |       |     1 ||     1
Invok: Depart the Abyss  |     1 |       ||     1
  Use: Scroll            |     3 |       ||     3
       Potion            |       |     3 ||     3
 Stab: Sleeping          |     2 |       ||     2
Armor: Leather armour    |    25 |    12 ||    37
Dodge: Dodged            |    55 |    38 ||    93

Levels and vault maps discovered:
D:1:      wheals_arrival_shading, layout_loops_corners,
          shapermc_ecumenical_altar_notcrosses
D:2:      layout_basic, minmay_vboxes, uniq_robin

Notes
Turn   | Place    | Note
-------+----------+-------------------------------------------
     0 | Abyss:1  | demibob the Demonspawn Abyssal Knight began the quest for
                  | the Orb.
     0 | Abyss:1  | Reached XP level 1. HP: 18/18 MP: 2/2
    64 | Abyss:1  | Noticed a wretched star
    66 | D:1      | You pass through the gate.
    66 | D:1      | Escaped the Abyss
   131 | D:1      | Reached skill level 2 in Polearms
   140 | D:1      | Reached * piety under Lugonu
   534 | D:1      | Gained mutation: You may rarely emit foul miasma when
                  | damaged in melee. [demonic ancestry]
   534 | D:1      | Reached XP level 2. HP: 24/24 MP: 3/3
  1039 | D:1      | Found a faded altar of an unknown god.
  1061 | D:1      | Reached skill level 3 in Polearms
  1116 | D:1      | Reached XP level 3. HP: 21/29 MP: 3/3
  1587 | D:2      | Noticed Robin
  1606 | D:2      | Killed Robin
  1609 | D:2      | Reached ** piety under Lugonu
  1985 | D:2      | Reached skill level 4 in Polearms
  1985 | D:2      | Gained mutation: You have a pair of small horns on your
                  | head. [demonic ancestry]
  1985 | D:2      | Reached XP level 4. HP: 32/35 MP: 4/4
  2580 | D:2      | HP: 2/35 [ball python (2)]
  2581 | D:2      | Slain by a gnoll

Vanquished Creatures
  Robin (D:2)
  4 gnolls
  2 ball pythons (D:1)
  2 endoplasms (D:1)
  3 giant cockroaches
  5 hobgoblins
  3 kobolds
  2 quokkas (D:1)
  7 bats
  3 frilled lizards (D:1)
  11 goblins
  2 rats (D:1)
45 creatures vanquished.

Table legend: (Time is in decaauts)
 A = Elapsed time spent in this place.
 B = Non-inter-level travel time spent in this place.
 C = Inter-level travel time spent in this place.
 D = Time resting spent in this place.
 E = Time spent auto-exploring this place.
 F = Levels seen in this place.
 G = Mean time per level.
                   A        B        C        D        E       F      G
               +--------+--------+--------+--------+--------+-----+--------+
         Total |   2573 |   2492 |     81 |    646 |   1485 |   3 |  857.7 |
       Dungeon |   2507 |   2426 |     81 |    646 |   1466 |   2 | 1253.5 |
         Abyss |     66 |     66 |      0 |      0 |     19 |   1 |   66.0 |
               +--------+--------+--------+--------+--------+-----+--------+

Top non-repeatable levels by time:
     D:1: 1850 daAuts
     D:2: 657 daAuts
 Abyss:1: 66 daAuts

Table legend:
 A = Non-vault XP
 B = Vault XP
 C = Vault XP percentage of total XP
 D = Non-vault monster count
 E = Vault monster count
 F = Vault count percentage of total count
                 A         B        C        D         E       F
            +---------+---------+-------+---------+---------+-------
      Total |     104 |      36 |  25.7 |      33 |      12 |  26.7
            +---------+---------+-------+---------+---------+-------
        D:1 |      48 |       0 |   0.0 |      24 |       0 |   0.0
        D:2 |      56 |      36 |  39.1 |       9 |      12 |  57.1
            +---------+---------+-------+---------+---------+-------
